 Dungeon Crawl Stone Soup version 0.22-a0-281-g2e20325899 (webtiles) character file.

88 Ikesh the Ruffian (level 4, -5/38 HPs)
             Began as a Naga Transmuter on Mar 17, 2018.
             Was an Initiate of Nemelex Xobeh.
             Killed from afar by an orc wizard (8 damage)
             ... with a magic dart
             ... on level 3 of the Dungeon.
             The game lasted 00:12:43 (2438 turns).

Ikesh the Ruffian (Naga Transmuter)                 Turns: 2438, Time: 00:12:43

Health: -5/38      AC:  3    Str: 13    XL:     4   Next: 54%
Magic:  6/7        EV: 10    Int: 14    God:    Nemelex Xobeh [......]
Gold:   173        SH:  0    Dex: 11    Spells: 4/7 levels left

rFire    + . .     SeeInvis +   e - +2 dagger (venom)
rCold    x . .     Gourm    .   (no shield)
rNeg     . . .     Faith    .   b - +0 robe
rPois    +         Spirit   .   (no helmet)
rElec    .         Reflect  .   (no cloak)
rCorr    .         Harm     .   i - +0 pair of gloves
MR       .....                  (no barding)
Stlth    +++.......             q - amulet of magic regeneration
HPRegen  0.12/turn              o - ring of fire
MPRegen  0.35/turn              p - ring of stealth

@: very slow
A: large, see invisible, deformed body, poison resistance, slowness 2, slow
metabolism 1, spit poison 1, AC +1
a: Spit Poison, Renounce Religion


You were on level 3 of the Dungeon.
You worshipped Nemelex Xobeh.
Nemelex Xobeh was noncommittal.
You were hungry.

You visited 1 branch of the dungeon, and saw 3 of its levels.

You collected 173 gold pieces.

Inventory:

Hand Weapons
 e - a +2 dagger of venom (weapon)
Missiles
 a - 55 arrows
Armour
 b - a +0 robe (worn)
 i - a +0 pair of gloves (worn)
Jewellery
 o - a ring of fire (left hand)
 p - a ring of stealth (right hand)
 q - an amulet of magic regeneration (around neck)
Scrolls
 c - 2 scrolls of identify {unknown}
 g - a scroll of teleportation {unknown}
 h - a scroll of immolation {unknown}
 k - a scroll of amnesia {unknown}
 l - a scroll of fog {unknown}
Potions
 f - 2 potions of curing {unknown}
 j - 2 potions of might {unknown}
 m - a potion of agility {unknown}
 s - a potion of degeneration {unknown}
Miscellaneous
 n - a plain deck of summoning
Comestibles
 d - 8 rations
 r - 3 chunks of flesh


   Skills:
 + Level 1.1 Fighting
 + Level 0.4 Short Blades
 + Level 2.1 Dodging
 + Level 2.0 Stealth
 + Level 3.4 Unarmed Combat
 + Level 2.4 Spellcasting
 + Level 2.4 Transmutations
 * Level 1.5 Invocations


You had 4 spell levels left.
You knew the following spells:

 Your Spells              Type           Power        Failure   Level  Hunger
a - Beastly Appendage     Tmut           #.....       9%          1    #......
b - Sticks to Snakes      Tmut           #.......     13%         2    ###....


Dungeon Overview and Level Annotations

Branches:
Dungeon (3/15)

Altars:
Ashenzari
Nemelex Xobeh
Ru
Vehumet

Annotations:
D:3 Psiweapon's ghost, amateur MiTm


Innate Abilities, Weirdness & Mutations

You cannot wear boots.
Your serpentine skin is tough. (AC +1)
You have supernaturally acute eyesight. (SInv)
Armour fits poorly on your strangely shaped body.
Your system is resistant to poisons. (rPois)
You cover ground very slowly.
You have a slow metabolism.
You can spit poison.


Message History

The orc wizard casts a spell at you. You resist with some effort.
The orc wizard mumbles some strange words.
The orc wizard blinks!
The orc wizard casts a spell at you. The magic dart hits you!
* * * LOW HITPOINT WARNING * * *
Your magical contamination has completely faded away.
Casting: Sticks to Snakes (safe; 13% risk of failure)
Confirm with . or Enter, or press ? or * to list all spells.
You create a snake!
You now have 55 arrows.
The orc wizard points at you and mumbles some strange words.
The magic dart hits you!
* * * LOW HITPOINT WARNING * * *
You closely miss the orc wizard. The orc wizard barely misses you.
The orc wizard is no longer moving quickly.
The orc wizard casts a spell at you. The magic dart hits you!
You die...
Your body disappears without a glow.

##...........#..#
###.#######...##
##.# #.#### ######
##..# #.....
#....# #..##
###### #<...# #.##
#....###.#
#....##.S#
##....@.o#########
######.o...(....#
#.########)# ##.#
#.###### ##..#
#o..##.. #..##
###.##.. #.##
##..o..# #.#
#...#... #.#
###.#..[..


You could see an orc wizard, an orc and a friendly ball python.

Vanquished Creatures
  A worker ant (D:3)
  An adder (D:2)
  A worm (D:3)
  2 dart slugs (D:1)
  2 leopard geckos (D:1)
  An orc (D:3)
  4 bats (D:1)
  2 giant cockroaches
  6 goblins
  6 hobgoblins (D:1)
  5 kobolds
  A quokka (D:2)
  A leopard gecko zombie (D:3)
  8 rats
41 creatures vanquished.

Vanquished Creatures (collateral kills)
  An orc (D:3)
  A giant cockroach (D:3)
  A frilled lizard (D:2)
  2 kobolds (D:2)
  A rat (D:3)
6 creatures vanquished.

Grand Total: 47 creatures vanquished

Notes
Turn   | Place    | Note
-------+----------+-------------------------------------------
     0 | D:1      | Ikesh the Naga Transmuter began the quest for the Orb.
     0 | D:1      | Reached XP level 1. HP: 18/18 MP: 3/3
   491 | D:1      | Reached XP level 2. HP: 25/25 MP: 5/5
   779 | D:1      | Reached XP level 3. HP: 12/31 MP: 4/6
  1087 | D:1      | Reached skill level 1 in Stealth
  1291 | D:2      | Learned a level 2 spell: Sticks to Snakes
  1398 | D:2      | Found a sparkling altar of Nemelex Xobeh.
  1414 | D:2      | Found a shattered altar of Ashenzari.
  1472 | D:2      | Became a worshipper of Nemelex Xobeh the Trickster
  1544 | D:2      | Found a radiant altar of Vehumet.
  1657 | D:2      | Received a gift from Nemelex Xobeh
  1822 | D:3      | Found a sacrificial altar of Ru.
  1844 | D:3      | Found a shattered altar of Ashenzari.
  1883 | D:3      | Noticed Psiweapon's ghost (amateur MiTm)
  2237 | D:3      | Reached XP level 4. HP: 36/38 MP: 5/7
  2373 | D:3      | Reached skill level 1 in Invocations
  2438 | D:3      | Killed from afar by an orc wizard

Vault maps used:
D:1:      scummos_arrival_forest, minivault_11, minmay_hexomino_f4
D:2:      lemuel_doored_altar, nemelex_xobeh_ov_fountains_minmay, first_ration,
          nicolae_ashenzari_panopticon
D:3:      tso_altar, nicolae_overflow_hidden_temple, hangedman_ru_absence

Skill      XL: |  1  2  3  4 |
---------------+-------------+-----
Dodging        | 2 |  2.1
Stealth        | 1 2 |  2.0
Invocations    | 1 |  1.5
Fighting       | |  1.1
Short Blades   | |  0.4
Unarmed Combat | |  3.4
Spellcasting   | |  2.4
Transmutations | |  2.4

Action                   |  1- 3 |  4- 6 || total
-------------------------+-------+-------++-------
Melee: Dagger            |    96 |    15 ||   111
       Headbutt          |     6 |     2 ||     8
       Unarmed           |     2 |       ||     2
       Punch             |     1 |       ||     1
 Cast: Beastly Appendage |    15 |     1 ||    16
       Sticks to Snakes  |     7 |    11 ||    18
 Abil: Spit Poison       |     7 |       ||     7
  Use: Potion            |     1 |       ||     1
 Stab: Sleeping          |     6 |       ||     6
  Eat: Chunk             |     4 |     1 ||     5
Armor: Robe              |    29 |     3 ||    32
Dodge: Dodged            |    65 |     6 ||    71

Table legend:
 A = Spawn XP
 B = Non-spawn XP
 C = Spawn XP percentage of total XP
 D = Spawn monster count
 E = Non-spawn monster count
 F = Spawn count percentage of total count
 G = Total turns spent on level
                    A         B        C        D         E        F      G
               +---------+---------+-------+---------+---------+-------+---------
         Total |       0 |     127 |   0.0 |       0 |      47 |   0.0 |  2438
               +---------+---------+-------+---------+---------+-------+---------
           D:1 |       0 |      50 |   0.0 |       0 |      26 |   0.0 |  1281
           D:2 |       0 |      22 |   0.0 |       0 |      11 |   0.0 |   507
           D:3 |       0 |      55 |   0.0 |       0 |      10 |   0.0 |   650
               +---------+---------+-------+---------+---------+-------+---------
